 Dungeon Crawl Stone Soup version 0.23-a0-143-g1adec7b (webtiles) character file.

2635 iamserjio the Martial Artist (level 9, 0/64 HPs)
             Began as an Octopode Summoner on Sept 2, 2018.
             Was an Initiate of Cheibriados.
             Slain by Harold
             ... wielding a +0 short sword
              (14 damage)
             ... on level 7 of the Dungeon.
             The game lasted 00:27:14 (11428 turns).

iamserjio the Martial Artist (Octopode Summoner)   Turns: 11428, Time: 00:27:15

Health: 0/64       AC:  1    Str:  8    XL:     9   Next: 61%
Magic:  11/12      EV: 19    Int: 21    God:    Cheibriados [......]
Gold:   303        SH:  0    Dex: 19    Spells: 4/12 levels left

rFire    . . .     SeeInvis +     - Unarmed
rCold    . . .     Gourm    .   (no shield)
rNeg     + . .     Faith    .   (helmet restricted)
rPois    .         Spirit   .   (no amulet)
rElec    .         Reflect  .   c - ring of positive energy
rCorr    .         Harm     .   w - ring of see invisible
MR       .....                  (no ring)
Stlth    ++++......             (no ring)
HPRegen  0.20/turn              (no ring)
MPRegen  0.13/turn              (no ring)
                                (no ring)
                                (no ring)

@: agile, marked, very slow
A: almost no armour, stealthy swim, amphibious, 8 rings, constrict 8, camouflage
1, gelatinous body 1
a: Bend Time, Renounce Religion


You were on level 7 of the Dungeon.
You worshipped Cheibriados.
Cheibriados was noncommittal.
You were not hungry.

You visited 2 branches of the dungeon, and saw 8 of its levels.

You collected 303 gold pieces.

Inventory:

Missiles
 f - 122 arrows
Jewellery
 c - a ring of positive energy (left tentacle)
 w - a ring of see invisible (right tentacle)
Wands
 u - a wand of polymorph (9)
 A - a wand of flame (28)
Scrolls
 d - 3 scrolls of immolation {unknown}
 e - 2 scrolls of fog {unknown}
 i - 4 scrolls of enchant armour
 j - a scroll of enchant weapon {unknown}
 k - 3 scrolls of fear {unknown}
 n - 3 scrolls of teleportation {unknown}
 o - 2 scrolls of remove curse {unknown}
 r - 4 scrolls of random uselessness {unknown}
 x - a scroll of amnesia {unknown}
 y - a scroll of blinking {unknown}
 z - a scroll of noise {unknown}
Potions
 a - 4 potions of lignification
 g - a potion of mutation
 h - a potion of haste
 l - a potion of ambrosia
 m - 5 potions of curing {@q1}
 p - a potion of might
 q - a potion of degeneration
 t - 2 potions of heal wounds
 v - 3 potions of brilliance {unknown}
Comestibles
 b - 12 rations


   Skills:
 + Level 7.2 Fighting
 - Level 2.0 Dodging
 - Level 2.6 Stealth
 * Level 10.3 Unarmed Combat
 - Level 2.0 Spellcasting
 - Level 4.0 Summonings


You had 4 spell levels left.
You knew the following spells:

 Your Spells              Type           Power        Failure   Level  Hunger
a - Summon Small Mammal   Summ           ###.         2%          1    #......
b - Call Canine Familiar  Summ           ###.....     9%          3    ###....
c - Summon Lightning Spi  Summ/Air       ##......     54%         4    #####..

Your spell library contained the following spells:

 Spells                   Type           Power        Failure   Level  Hunger
 Call Imp                 Summ           ###.....     4%          2    ##.....
 Summon Guardian Golem    Hex/Summ       ##......     19%         3    ###....
 Summon Ice Beast         Ice/Summ       ##......     54%         4    #####..


Dungeon Overview and Level Annotations

Branches:
Dungeon (7/15)             Temple (1/1) D:6

Altars:
Cheibriados
Dithmenos
Fedhas
Hepliaklqana
Makhleb
Okawaru
Qazlal
Ru
Sif Muna
Trog
Uskayaw
Wu Jian
Yredelemnul
The Shining One

Shops:
D:5 %

Annotations:
D:5 2 transporters
D:6 1 runed door
D:7 Harold


Innate Abilities, Weirdness & Mutations

You cannot wear most types of armour.
You are very stealthy in the water. (Stealth+)
You are amphibious.
You can wear up to eight rings at the same time.
You can use your tentacles to constrict eight enemies at once.
Your skin changes colour to match your surroundings (Stealth+).
Your rubbery body absorbs attacks. (AC +1, EV +1)


Message History

You constrict Harold.
Your hound bites Harold but does no damage.
Harold points at you and mumbles some strange words.
The mark upon you grows brighter.
You bludgeon Harold!
Harold is severely wounded.
You constrict Harold.
Your hound bites Harold but does no damage.
Your hound bites Harold.
You tentacle-slap Harold. You squeeze Harold, but do no damage.
Harold is severely wounded.
You constrict Harold. Harold hits you with a short sword!
* * * LOW HITPOINT WARNING * * *
Your hound bites Harold but does no damage.
You tentacle-slap Harold.
You tentacle-slap Harold, but do no damage.
Harold is severely wounded.
You constrict Harold.
Your hound bites Harold.
Harold hits you with a short sword!
You die...

.....#####........._..##
.......................#
.....#.##..............#
.......##.##.########..#
..###..##..#...### #.##
........##.#.....# #....
))....#..........# .....
.[......##.......# ......
.)..............@##.......
.(...#.####....h@##........
.......# ##.....##.....@
###....# #.............
###....#####......$......
#...>............##......
..##...########### ......
####...# Y.... ##### .....


You could see Harold and a friendly hound.

Vanquished Creatures
  Pikel (D:5)
  Prince Ribbit (D:6)
  A hippogriff (D:7)
  Sigmund (D:2)
  Duvessa (D:5)
  3 ice beasts
  A slave (D:5)
  An orc warrior (D:7)
  A sky beast (D:6)
  2 ogres (D:7)
  A centaur (D:6)
  A big kobold (D:7)
  Dowan (D:5)
  2 scorpions (D:5)
  2 bullfrog zombies
  A bullfrog skeleton (D:4)
  6 orc wizards
  Terence (D:2)
  Natasha (twice) (D:2)
  2 worker ants
  2 howler monkey skeletons
  5 adders
  3 gnolls (D:6)
  An ooze (D:4)
  An adder skeleton (D:7)
  2 adder zombies
  4 worms
  2 dart slugs
  3 leopard geckos
  14 orcs
  4 giant cockroaches
  7 goblins
  11 hobgoblins
  6 jackals
  3 quokkas
  A ball python (D:2)
  11 bats
  6 frilled lizards
  A jackal skeleton (D:4)
  9 kobolds
  11 rats
139 creatures vanquished.

Vanquished Creatures (collateral kills)
  A sky beast (D:6)
  A slave (D:5)
  An ogre (D:5)
  A scorpion (D:6)
  An orc priest (D:6)
  An orc wizard (D:4)
  Natasha (D:2)
  A worker ant (D:5)
  An adder (D:2)
  An ooze (D:1)
  4 orcs
  A ball python (D:2)
  A bat (D:2)
  3 hobgoblins
  3 jackals (D:5)
  3 kobolds
  2 frilled lizards (D:1)
  A goblin (D:2)
28 creatures vanquished.

Vanquished Creatures (others)
  Grinder (D:5)
1 creature vanquished.

Grand Total: 168 creatures vanquished

Notes
Turn   | Place    | Note
-------+----------+-------------------------------------------
     0 | D:1      | iamserjio the Octopode Summoner began the quest for the
                  | Orb.
     0 | D:1      | Reached XP level 1. HP: 11/11 MP: 3/3
   308 | D:1      | Reached skill level 1 in Unarmed Combat
   332 | D:1      | Reached XP level 2. HP: 2/18 MP: 3/5
   794 | D:1      | Reached skill level 1 in Fighting
  1043 | D:1      | Reached skill level 2 in Unarmed Combat
  1044 | D:1      | Reached XP level 3. HP: 16/23 MP: 3/6
  1895 | D:2      | Learned a level 3 spell: Call Canine Familiar
  2199 | D:2      | Reached XP level 4. HP: 29/29 MP: 7/7
  2231 | D:2      | Reached skill level 3 in Unarmed Combat
  2256 | D:2      | Noticed Sigmund
  2812 | D:4      | Reached XP level 5. HP: 24/35 MP: 4/8
  3746 | D:3      | Reached skill level 4 in Unarmed Combat
  4353 | D:3      | Found a blossoming altar of Fedhas.
  4713 | D:2      | Noticed Terence
  4713 | D:2      | Noticed Natasha
  4756 | D:2      | Killed Natasha
  4767 | D:2      | Killed Terence
  5054 | D:2      | Killed Sigmund
  5054 | D:2      | Reached skill level 5 in Unarmed Combat
  5054 | D:2      | Reached XP level 6. HP: 30/42 MP: 6/9
  5078 | D:2      | Noticed Natasha
  5087 | D:2      | Killed Natasha
  5093 | D:2      | Noticed Natasha
  5106 | D:2      | Killed Natasha
  5619 | D:4      | Reached XP level 7. HP: 35/47 MP: 7/10
  6232 | D:5      | Entered Level 5 of the Dungeon
  6418 | D:5      | Found a transporter.
  6450 | D:5      | Reached skill level 6 in Unarmed Combat
  6520 | D:5      | Found Sygiaz's Food Shoppe.
  6578 | D:5      | Found a transporter.
  6637 | D:5      | Found a stormy altar of Qazlal.
  6637 | D:5      | Noticed Grinder
  6744 | D:5      | Found a hide-covered altar of Uskayaw.
  6746 | D:5      | Found a sacrificial altar of Ru.
  7237 | D:5      | Noticed Dowan
  7364 | D:5      | Noticed Duvessa
  7382 | D:5      | Killed Duvessa
  7390 | D:5      | Killed Dowan
  7390 | D:5      | Reached skill level 7 in Unarmed Combat
  7695 | D:5      | Noticed Pikel
  7712 | D:5      | Reached XP level 8. HP: 36/54 MP: 7/11
  7921 | D:5      | Killed Pikel
  7921 | D:5      | Reached skill level 5 in Fighting
  7921 | D:5      | Reached skill level 8 in Unarmed Combat
  7996 | D:5      | Killed Grinder
  8200 | D:5      | Learned a level 4 spell: Summon Lightning Spire
  8455 | D:6      | Found an iron altar of Okawaru.
  8664 | D:6      | Found a staircase to the Ecumenical Temple.
  8671 | Temple   | Entered the Ecumenical Temple
  8677 | Temple   | Became a worshipper of Cheibriados the Contemplative
  8759 | D:6      | Reached skill level 9 in Unarmed Combat
  8964 | D:6      | Reached XP level 9. HP: 54/62 MP: 8/12
  9357 | D:6      | Found a glowing golden altar of the Shining One.
  9362 | D:6      | Found a runed door.
  9362 | D:6      | Noticed an angel
  9508 | D:7      | Noticed Prince Ribbit
  9526 | D:6      | Killed Prince Ribbit
 10200 | D:7      | Noticed Harold
 10239 | D:7      | Reached skill level 10 in Unarmed Combat
 10608 | D:7      | Found a snail-covered altar of Cheibriados.
 11428 | D:7      | Slain by Harold

Vault maps used:
D:1:      evilmike_arrival_hilbert_curve, serial_bayou_lake_a
D:2:      uniq_terence, uniq_natasha, uniq_sigmund
D:3:      fedhas_altar_fruit_tree
D:4:      first_ration
D:5:      gammafunk_cloud_chamber, grunt_temple_overflow_open, serial_shops,
          shop, uniq_grinder, uniq_duvessa, uniq_pikel
D:6:      okawaru_metal_pillars_1_2, minmay_temple_entry_steel_oval,
          lemuel_angel_altar
D:7:      basic_altar, uniq_harold, uniq_prince_ribbit1
Temple:   eino_narrow_crystal_temple

Skill      XL: |  1  2  3  4  5  6  7  8  9 |
---------------+----------------------------+-----
Unarmed Combat | 1 2 3 5 7 9 10 | 10.3
Fighting       | 1 2 3 4 6 7 |  7.2
Dodging        | |  2.0
Stealth        | |  2.6
Spellcasting   | |  2.0
Summonings     | |  4.0

Action                   |  1- 3 |  4- 6 |  7- 9 || total
-------------------------+-------+-------+-------++-------
Melee: Unarmed           |    97 |   162 |   250 ||   509
       Constrict         |    25 |    39 |    45 ||   109
       Tentacles         |    12 |    23 |    42 ||    77
       Punch             |     1 |     8 |    17 ||    26
 Cast: Summon Small Mamm |    13 |       |       ||    13
       Call Canine Famil |     1 |    11 |    23 ||    35
  Use: Potion            |     3 |     3 |     4 ||    10
       Scroll            |       |       |     6 ||     6
 Stab: Sleeping          |    10 |     9 |     3 ||    22
       Distracted        |     1 |     2 |     3 ||     6
  Eat: Chunk             |     4 |    11 |    11 ||    26
       Ration            |       |       |     4 ||     4
Armor: Skin              |     8 |    12 |    27 ||    47
Dodge: Dodged            |    52 |    82 |   121 ||   255

Table legend:
 A = Non-vault XP
 B = Vault XP
 C = Vault XP percentage of total XP
 D = Non-vault monster count
 E = Vault monster count
 F = Vault count percentage of total count
                 A         B        C        D         E       F
            +---------+---------+-------+---------+---------+-------
      Total |    2475 |    1290 |  34.3 |     158 |       7 |   4.2
            +---------+---------+-------+---------+---------+-------
        D:1 |      44 |       0 |   0.0 |      28 |       0 |   0.0
        D:2 |     120 |     230 |  65.7 |      25 |       3 |  10.7
        D:3 |      73 |       0 |   0.0 |      30 |       0 |   0.0
        D:4 |     242 |       0 |   0.0 |      20 |       0 |   0.0
        D:5 |     326 |     820 |  71.6 |      15 |       3 |  16.7
        D:6 |     729 |     240 |  24.8 |      23 |       1 |   4.2
        D:7 |     941 |       0 |   0.0 |      17 |       0 |   0.0
            +---------+---------+-------+---------+---------+-------
